 Dungeon Crawl Stone Soup version 0.17.0-17-ge4ba49f (webtiles) character file.

5145 lohpidor the Fighter (level 10, -7/90 HPs)
             Began as a Black Draconian Skald on Nov 11, 2015.
             Was an Initiate of Qazlal.
             Mangled by a porcupine (15 damage)
             ... on level 1 of the Lair of Beasts.
             The game lasted 01:15:06 (9636 turns).

lohpidor the Fighter (Black Draconian Skald)        Turns: 9636, Time: 01:15:06

Health: -7/90      AC:  8    Str: 21    XL:     10   Next: 33%
Magic:  14/19      EV: 17    Int: 13    God:    Qazlal [......]
Gold:   461        SH:  0    Dex: 11    Spells: 4 memorised, 14 levels left

rFire  . . .     SeeInvis .     o - +8 quarterstaff (chaos)
rCold  . . .     Clarity  .     (armour unavailable)
rNeg   . . .     SustAt   .     (shield currently unavailable)
rPois  +         Gourm    .     (helmet restricted)
rElec  +         Spirit   .     v - +0 cloak
rCorr  .         Warding  .     (no gloves)
rMut   .         Stasis   .     (no boots)
MR     .....                    (no amulet)
Stlth  +.........               r - +3 ring of evasion
                                g - +6 ring of strength

@: short of breath, not resistant to hostile enchantments, very unstealthy
A: breathe lightning, unfitting armour, hooves 1, dopey 1, low mp 1, poison
resistance, electricity resistance, cold-blooded, AC +7
a: Breathe Lightning, Renounce Religion


You were on level 1 of the Lair of Beasts.
You worshipped Qazlal.
Qazlal was noncommittal.
You were not hungry.

You visited 3 branches of the dungeon, and saw 10 of its levels.

You collected 461 gold pieces.

Inventory:

Hand Weapons
 m - a +4 short sword of speed
 o - a +8 quarterstaff of chaos (weapon)
 y - a +1 hand axe of draining
Armour
 v - a +0 cloak (worn)
 B - a +0 robe of positive energy
Jewellery
 g - a +6 ring of strength (left hand)
 i - an uncursed ring of magical power {unknown}
 r - a +3 ring of evasion (right hand)
 u - an uncursed ring of sustain attributes
Wands
 j - a wand of fire (4)
 l - a wand of paralysis (0)
 p - a wand of teleportation (0)
 q - a wand of slowing (11)
Scrolls
 a - 2 scrolls of recharging
 e - 2 scrolls of remove curse
 n - a scroll of enchant armour
 s - 2 scrolls of fog
 t - a scroll of teleportation
 D - a scroll of amnesia
Potions
 h - a potion of ambrosia
 k - 2 potions of cancellation
 x - a potion of might {unknown}
 z - a potion of mutation
Books
 b - a book of Battle

   Spells                             Type                      Level
   a - Infusion                       Charms                       1
   b - Shroud of Golubria             Charms/Translocation         2
   c - Song of Slaying                Charms                       2
   d - Spectral Weapon                Hexes/Charms                 3
   e - Regeneration                   Charms/Necromancy            3
 f - a Grand Grimoire

   Spells                             Type                      Level
   a - Monstrous Menagerie            Summoning                    6
   b - Summon Greater Demon           Summoning                    7
   c - Malign Gateway                 Summoning/Translocation      7
   d - Summon Horrible Things         Summoning                    8
Comestibles
 c - 5 bread rations
 d - a slice of pizza
 w - a meat ration


   Skills:
 * Level 8.9 Fighting
   Level 2.0 Polearms
 + Level 5.1 Dodging
 * Level 7.4 Spellcasting
 * Level 7.4 Charms
 * Level 2.9 Invocations
 - Level 3.9 Evocations


You had 14 spell levels left.
You knew the following spells:

 Your Spells              Type           Power        Failure   Level  Hunger
a - Infusion              Chrm           ###...       1%          1    None
b - Regeneration          Chrm/Necr      ##........   12%         3    ##.....
c - Spectral Weapon       Hex/Chrm       ##......     12%         3    ##.....
d - Shroud of Golubria    Chrm/Tloc      ##........   6%          2    #......


Dungeon Overview and Level Annotations

Branches:
Dungeon (8/15)             Temple (1/1) D:7            Lair (1/8) D:8

Altars:
Ashenzari
Cheibriados
Elyvilon
Gozag
Kikubaaqudgha
Makhleb
Okawaru
Qazlal
Ru
Sif Muna
Trog
Vehumet
Xom
Yredelemnul
Zin
The Shining One

Shops:
D:4 :


Innate Abilities, Weirdness & Mutations

You can breathe wild blasts of lightning.
Your glossy black scales are hard (AC +7).
Your body does not fit into most forms of armour.
You are resistant to electric shocks.
You are cold-blooded and may be slowed by cold attacks.
You have large cloven feet.
You are dopey. (Int -2)
Your magical capacity is low (-10% MP).
Your system is resistant to poisons.


Message History

Okay, then.
Casting: Spectral Weapon
Confirm with . or Enter, or press ? or * to list all spells.
Okay, then.
Casting: Spectral Weapon
Confirm with . or Enter, or press ? or * to list all spells.
Your skin crawls.
The porcupine barely misses you.
A hippogriff comes into view.
The hippogriff moves out of view.
Your skin is crawling a little less now.
The porcupine misses you.
The hippogriff screeches!
The porcupine barely misses you.
A giant frog comes into view.
The porcupine bites you!
* * * LOW HITPOINT WARNING * * *
Your skin stops crawling.
The giant frog croaks.
The porcupine bites you!
You die...

#....##....##....#.............
##...####.###......##.##.......
#...########..................
#.............................
#.............................
#......H................†.....
#...........................[.
##...........rF####.'##.#......
#...######..##@#####..##.......
#...##########.##......##......
##..##......##..#.......'......
#..........##.##......##.....≈
##..##.........##......##......
#...##......#..##......##......
##..##.F.......##....####.....≈
##..###..##P#..##+######P......
#...#..#.#####.................


You could see a hippogriff, a giant frog and a porcupine.

Vanquished Creatures
  Pikel (D:7)
  4 spiny frogs (Lair:1)
  A fire drake (D:8)
  A hippogriff (Lair:1)
  3 wolves (Lair:1)
  6 water moccasins
  3 porcupines (Lair:1)
  4 ogres
  A centaur (D:6)
  A crocodile (Lair:1)
  3 giant frogs
  3 wights (D:5)
  A crimson imp (D:6)
  5 killer bees (D:6)
  2 hounds
  An orc wizard (D:4)
  5 iguanas
  Crazy Yiuf (D:7)
  An orc priest (D:7)
  8 worker ants
  A hound skeleton (D:5)
  8 adders
  7 river rats (Lair:1)
  A shadow imp (D:5)
  A giant eyeball (shapeshifter) (D:8)
  An ooze (D:2)
  3 adder skeletons (D:4)
  2 worms
  8 giant geckos
  12 orcs
  5 bats
  4 giant cockroaches
  2 gnoll zombies (D:2)
  12 hobgoblins
  3 quokkas
  6 giant newts
  10 goblins
  3 jackals (D:5)
  A jackal skeleton (D:4)
  8 kobolds
  A quokka skeleton (D:4)
  6 rats
  2 fungi (Lair:1)
  A plant (Lair:1)
163 creatures vanquished.

Vanquished Creatures (collateral kills)
  A hippogriff (D:7)
  A giant frog (D:7)
2 creatures vanquished.

Vanquished Creatures (others)
  2 orcs (D:8)
  3 fungi (Lair:1)
  2 plants (Lair:1)
  7 spectral weapons
14 creatures vanquished.

Grand Total: 179 creatures vanquished

Notes
Turn   | Place    | Note
--------------------------------------------------------------
     0 | D:1      | lohpidor the Draconian Skald began the quest for the Orb.
     0 | D:1      | Reached XP level 1. HP: 17/17 MP: 3/3
   318 | D:1      | Reached XP level 2. HP: 18/25 MP: 0/5
   440 | D:1      | Reached skill level 3 in Charms
   722 | D:1      | Reached XP level 3. HP: 27/30 MP: 6/6
  1239 | D:2      | Found a basalt altar of Yredelemnul.
  1562 | D:2      | Found an ancient bone altar of Kikubaaqudgha.
  1562 | D:2      | Found a shimmering altar of Xom.
  1767 | D:3      | Reached XP level 4. HP: 36/38 MP: 8/8
  1769 | D:3      | Gained mutation: You are dopey. (Int -2) [potion of mutation]
  1769 | D:3      | Gained mutation: Your magical capacity is low (-10% MP). [potion of mutation]
  1769 | D:3      | Gained mutation: Your system is resistant to poisons. [potion of mutation]
  1773 | D:3      | Gained mutation: You have large cloven feet. [potion of beneficial mutation]
  2207 | D:4      | Found Erenume's Book Boutique.
  2299 | D:4      | Reached XP level 5. HP: 37/45 MP: 3/8
  2567 | D:4      | Reached skill level 4 in Fighting
  2692 | D:4      | Reached XP level 6. HP: 52/52 MP: 6/10
  3196 | D:4      | Learned a level 3 spell: Regeneration
  3200 | D:4      | Learned a level 3 spell: Spectral Weapon
  3203 | D:4      | Learned a level 2 spell: Shroud of Golubria
  3243 | D:5      | Entered Level 5 of the Dungeon
  3607 | D:5      | Reached skill level 5 in Fighting
  3607 | D:5      | Your scales start taking on a glossy black colour.
  3607 | D:5      | Gained mutation: You are resistant to electric shocks. [Black Draconian growth]
  3607 | D:5      | Reached XP level 7. HP: 23/61 MP: 4/11
  3817 | D:5      | Found a glowing golden altar of the Shining One.
  4532 | D:6      | Reached skill level 5 in Charms
  4592 | D:6      | Reached XP level 8. HP: 35/70 MP: 10/13
  4700 | D:6      | Reached skill level 5 in Spellcasting
  4933 | D:6      | Reached skill level 6 in Fighting
  6220 | D:7      | Noticed Crazy Yiuf
  6233 | D:7      | Killed Crazy Yiuf
  6321 | D:7      | Found a staircase to the Ecumenical Temple.
  6349 | Temple   | Entered the Ecumenical Temple
  6544 | Temple   | Became a worshipper of Qazlal Stormbringer
  6736 | D:7      | Reached skill level 7 in Fighting
  6753 | D:7      | Reached skill level 1 in Evocations
  7103 | D:7      | Noticed Pikel
  7116 | D:7      | Killed Pikel
  7116 | D:7      | Reached XP level 9. HP: 59/79 MP: 8/16
  7228 | D:8      | Found a staircase to the Lair.
  7229 | D:8      | Noticed a fire drake
  7250 | D:8      | Killed a fire drake
  7452 | Lair:1   | Entered Level 1 of the Lair of Beasts
  7585 | Lair:1   | Reached skill level 8 in Fighting
  7605 | Lair:1   | Noticed a spiny frog
  8513 | Lair:1   | Noticed a spiny frog
  8529 | Lair:1   | Killed a spiny frog
  8529 | Lair:1   | Reached skill level 1 in Invocations
  8529 | Lair:1   | Reached XP level 10. HP: 19/90 MP: 2/18
  8883 | Lair:1   | Killed a spiny frog
  8883 | Lair:1   | Reached skill level 5 in Dodging
  8922 | Lair:1   | Noticed a spiny frog
  9296 | Lair:1   | Noticed a spiny frog
  9312 | Lair:1   | Killed a spiny frog
  9483 | Lair:1   | Killed a spiny frog
  9622 | Lair:1   | HP: 3/90 [porcupine (2)]
  9636 | Lair:1   | Mangled by a porcupine

Action                   |  1- 3 |  4- 6 |  7- 9 | 10-12 || total
-------------------------+-------+-------+-------+-------++-------
Melee: Spear             |    56 |       |       |       ||    56
       Short sword       |    84 |   160 |   175 |       ||   419
       Quarterstaff      |       |       |    97 |    53 ||   150
 Cast: Infusion          |     3 |    17 |    21 |     2 ||    43
       Spectral Weapon   |       |     2 |     9 |     7 ||    18
       Shroud of Golubri |       |       |    10 |       ||    10
       Regeneration      |       |       |     1 |     1 ||     2
 Abil: Breathe Lightning |       |       |     4 |     1 ||     5
Evoke: Wand              |       |       |     4 |       ||     4
  Use: Scroll            |     8 |     3 |     6 |     4 ||    21
       Potion            |       |    11 |     1 |       ||    12
 Stab: Sleeping          |     1 |       |       |       ||     1
       Petrifying        |       |       |       |     2 ||     2
       Petrified         |       |       |       |     1 ||     1
  Eat: Chunk             |     1 |     5 |    11 |       ||    17
       Pizza             |     1 |       |     1 |     1 ||     3
       Beef jerky        |       |     1 |     1 |       ||     2
       Meat ration       |       |       |     1 |     1 ||     2
